Rangers vs Canadiens
Created - 23 février 2013 at 19:26
Goals
|
| Rangers |
0 |
0 |
2 |
2 |
| Canadiens |
1 |
2 |
1 |
4 |
|
Shots
|
| Rangers |
9 |
4 |
13 |
26 |
| Canadiens |
19 |
12 |
9 |
40 |
|
1st period
1. Canadiens , Tyler Arnason 2 (Éric Desjardins) at 12:37
Penalties :
Henrik Lundqvist (NYR) for Slashing (Minor) at 9:59 - Martin Lapointe served the penalty, Brad Richards (NYR) for Diving (Minor) at 13:54
2nd period
2. Canadiens , Michel Ouellet 6 (Yan Stastny, Ryan Bayda) at 2:36
3. Canadiens , Marek Svatos 19 (Éric Desjardins, Duncan Keith) at 6:16
Penalties :
Marek Svatos (Mon) for Slashing (Minor) at 2:41, Brad Richards (NYR) for Hooking (Minor) at 2:41, Jarkko Ruutu (NYR) for Interference (Minor) at 10:13, Kyle McLaren (NYR) for Hooking (Minor) at 14:32
3rd period
4. Rangers , Patrice Bergeron 14 (Patrick Sharp, Bryan Berard) at 2:12
5. Canadiens , Mike York 15 (Robert Nilsson) at 3:40
6. Rangers , Johan Franzen 20 (Milan Lucic) at 10:28
Penalties :
Tomas Kloucek (Mon) for Hooking (Minor) at 4:57, Ryane Clowe (Mon) for Holding (Minor) at 14:40, Drew Stafford (NYR) for Hooking (Minor) at 17:32
Goalie Stats
Henrik Lundqvist (NYR), 36 saves from 40 shots - (0,900), L, 23-13-1, 60:00 minutes
Kari Lehtonen (Mon), 24 saves from 26 shots - (0,923), W, 12-13-3, 60:00 minutes
Players Stats for Rangers
Player Name G A P +/- PIM S H SB GA TA FO MP PP MP PK MP
------------------------------------------------------------------------------------
Alexandre Burrows 0 0 0 -1 0 2 1 0 2 0 0/1 11:58 0:10 2:13
Bobby Holik 0 0 0 -1 0 0 1 1 0 0 4/11 16:08 0:10 5:33
Brad Richards 0 0 0 -2 4 3 0 0 1 1 12/28 20:28 1:58 3:15
Bryan Berard 0 1 1 1 0 1 2 1 1 1 0/0 28:12 2:13 5:49
Cam Barker 0 0 0 -2 0 1 0 1 0 0 0/0 23:56 1:45 5:48
Drew Stafford 0 0 0 -1 2 0 0 0 0 0 0/0 9:13 0:10 0:00
Ian Laperriere 0 0 0 -1 0 1 1 0 0 0 3/4 13:42 0:00 5:37
Jarkko Ruutu 0 0 0 -1 2 2 1 0 1 0 0/0 8:01 0:00 0:00
Jeremy Roenick 0 0 0 -2 0 0 0 1 1 1 3/5 18:51 1:58 0:59
Johan Franzen 1 0 1 2 0 3 2 1 1 1 0/0 15:56 1:50 0:00
Kimmo Timonen 0 0 0 1 0 2 1 0 0 2 0/0 23:52 2:13 0:16
Kyle McLaren 0 0 0 -2 2 1 0 1 0 0 0/0 19:38 1:45 3:17
Martin Lapointe 0 0 0 -1 0 1 1 0 0 0 1/1 10:13 0:00 2:05
Matt Greene 0 0 0 -1 0 0 0 0 0 0 0/0 9:58 0:00 0:13
Mike Commodore 0 0 0 -1 0 0 0 0 0 0 0/0 14:23 0:00 4:27
Milan Lucic 0 1 1 -2 0 4 6 0 0 1 1/3 16:27 1:58 0:00
Patrice Bergeron 1 0 1 2 0 3 0 0 0 0 7/11 13:38 1:50 0:08
Patrick Sharp 0 1 1 2 0 2 0 0 0 0 0/1 13:27 1:50 0:00
Players Stats for Canadiens
Player Name G A P +/- PIM S H SB GA TA FO MP PP MP PK MP
------------------------------------------------------------------------------------
Duncan Keith 0 1 1 1 0 3 3 2 1 0 0/0 27:23 5:40 2:04
Éric Desjardins 0 2 2 1 0 3 1 0 0 1 0/0 26:48 5:40 2:00
Jeff Woywitka 0 0 0 1 0 0 0 0 0 0 0/0 21:59 4:15 1:58
Marek Svatos 1 0 1 1 2 4 1 0 0 0 2/3 19:04 5:27 0:00
Michel Ouellet 1 0 1 1 0 1 1 0 0 1 0/0 9:37 0:05 0:00
Mike York 1 0 1 1 0 6 2 0 0 0 1/1 21:20 5:27 1:34
Patrick Eaves 0 0 0 1 0 1 0 0 1 1 0/1 10:10 0:00 0:56
Richard Zednik 0 0 0 -1 0 2 3 0 2 0 0/0 15:57 4:23 0:00
Robert Nilsson 0 1 1 1 0 2 3 0 0 0 18/37 21:46 5:27 2:06
Ryan Bayda 0 1 1 1 0 0 1 0 0 0 0/0 10:31 0:05 0:18
Ryane Clowe 0 0 0 -1 2 3 0 0 0 0 3/3 12:03 0:05 0:00
Shane O'Brien 0 0 0 0 0 2 0 1 0 0 0/0 11:29 0:00 0:12
Sheldon Souray 0 0 0 0 0 0 1 0 0 2 0/0 12:13 0:00 0:46
Tomas Holmstrom 0 0 0 1 0 4 4 0 0 0 0/0 13:26 4:23 0:00
Tomas Kloucek 0 0 0 1 2 3 4 1 1 1 0/0 20:17 4:15 0:56
Tyler Arnason 1 0 1 1 0 3 0 1 1 1 4/6 11:33 0:00 0:56
Viktor Kozlov 0 0 0 -1 0 2 3 1 1 0 4/9 19:06 4:23 2:06
Yan Stastny 0 1 1 1 0 1 0 0 0 0 2/5 9:18 0:00 0:00
3 Stars
1 - Johan Franzen (NYR)
2 - Mike York (Mon)
3 - Patrice Bergeron (NYR)
Power Play
Rangers - 0 on 2 Attempt(s) - 0,00%
Canadiens - 0 on 5 Attempt(s) - 0,00%
Penalty Kill
Rangers - 5 on 5 Attempt(s) - 100,00%
- Score 0 goal in Penalty Kill
Canadiens - 2 on 2 Attempt(s) - 100,00%
- Score 0 goal in Penalty Kill
Official
Referees : Rooney Chris and Kozari Steve
Linesman : Brian Murphy and Mike Cvik
Game Notes
No Game Note
Finance
Level 1 -- Attendance: 5602 (93,37%) -- Ticket Income 504 180 $
Level 2 -- Attendance: 4435 (88,70%) -- Ticket Income 243 925 $
Level 3 -- Attendance: 1761 (88,05%) -- Ticket Income 52 830 $
Level 4 -- Attendance: 4000 (100,00%) -- Ticket Income 68 000 $
Luxury Box -- Attendance: 881 (88,10%) -- Ticket Income 158 580 $
Game was played at the Centre Bell
Total Attendance: 16679 (92,66%)
Total Ticket Income: 1 027 515 $
Total Income: 1 027 515 $
Rangers
5 vs 5 Forward
Center Left Wing Right Wing Time % Phy DF OF
1 Brad Richards Milan Lucic Jeremy Roenick 40 1 1 3
2 Patrice Bergeron Patrick Sharp Johan Franzen 30 1 1 3
3 Bobby Holik Alexandre Burrows Drew Stafford 20 1 2 2
4 Ian Laperriere Jarkko Ruutu Martin Lapointe 10 2 2 1
5 vs 5 Defense
Defense Defense Time % Phy DF OF
1 Kimmo Timonen Bryan Berard 40 1 2 2
2 Cam Barker Kyle McLaren 30 1 2 2
3 Matt Greene Mike Commodore 20 1 3 1
4 Kimmo Timonen Bryan Berard 10 1 2 2
PowerPlay Forward
Center Left Wing Right Wing Time % Phy DF OF
1 Brad Richards Milan Lucic Jeremy Roenick 60 1 0 4
2 Patrice Bergeron Patrick Sharp Johan Franzen 40 1 0 4
PowerPlay Defense
Defense Defense Time % Phy DF OF
1 Kimmo Timonen Bryan Berard 60 1 1 3
2 Cam Barker Kyle McLaren 40 1 1 3
Penalty Kill 4 Players Forward
Center Wing Time % Phy DF OF
1 Bobby Holik Ian Laperriere 60 1 4 0
2 Brad Richards Martin Lapointe 40 1 4 0
Penalty Kill 4 Players Defense
Defense Defense Time % Phy DF OF
1 Cam Barker Bryan Berard 60 1 4 0
2 Kyle McLaren Mike Commodore 40 1 4 0
Penalty Kill - 3 Players Forward
Forward Time % Phy DF OF
1 Bobby Holik 60 1 4 0
2 Brad Richards 40 1 4 0
Penalty Kill - 3 Players Defense
Defense Defense Time % Phy DF OF
1 Cam Barker Bryan Berard 60 1 4 0
2 Kyle McLaren Mike Commodore 40 1 4 0
4 vs 4 Forward
Center Wing Time % Phy DF OF
1 Brad Richards Johan Franzen 60 1 2 2
2 Jeremy Roenick Milan Lucic 40 1 2 2
4 vs 4 Defense
Defense Defense Time % Phy DF OF
1 Kimmo Timonen Cam Barker 60 1 2 2
2 Bryan Berard Kyle McLaren 40 1 2 2
Last Minutes Offensive
Center Left Wing Right Wing Defense Defense
Brad Richards Milan Lucic Johan Franzen Kimmo Timonen Bryan Berard
Last Minutes Defensive
Center Left Wing Right Wing Defense Defense
Bobby Holik Jeremy Roenick Martin Lapointe Cam Barker Mike Commodore
Goaltenders
Starting : Henrik Lundqvist
Backup : Hannu Toivonen
Extra Forwards
Normal : Brad Richards, Johan Franzen, Jeremy Roenick - PP : Brad Richards, Johan Franzen - PK : Brad Richards
Extra Defensemen
Normal : Bryan Berard, Cam Barker, Kimmo Timonen - PP : Bryan Berard - PK : Cam Barker, Bryan Berard
Penalty Shots
Brad Richards, Patrice Bergeron, Patrick Sharp, Johan Franzen, Bryan Berard
Canadiens
5 vs 5 Forward
Center Left Wing Right Wing Time % Phy DF OF
1 Robert Nilsson Mike York Marek Svatos 40 1 2 2
2 Viktor Kozlov Ryane Clowe Richard Zednik 30 1 2 2
3 Tyler Arnason Tomas Holmstrom Patrick Eaves 20 1 2 2
4 Yan Stastny Ryan Bayda Michel Ouellet 10 1 2 2
5 vs 5 Defense
Defense Defense Time % Phy DF OF
1 Duncan Keith Éric Desjardins 40 1 2 2
2 Jeff Woywitka Tomas Kloucek 30 1 2 2
3 Shane O'Brien Sheldon Souray 20 1 2 2
4 Duncan Keith Éric Desjardins 10 1 2 2
PowerPlay Forward
Center Left Wing Right Wing Time % Phy DF OF
1 Robert Nilsson Mike York Marek Svatos 60 1 2 2
2 Viktor Kozlov Tomas Holmstrom Richard Zednik 40 1 2 2
PowerPlay Defense
Defense Defense Time % Phy DF OF
1 Duncan Keith Éric Desjardins 60 1 2 2
2 Jeff Woywitka Tomas Kloucek 40 1 2 2
Penalty Kill 4 Players Forward
Center Wing Time % Phy DF OF
1 Robert Nilsson Viktor Kozlov 60 1 2 2
2 Mike York Tyler Arnason 40 1 2 2
Penalty Kill 4 Players Defense
Defense Defense Time % Phy DF OF
1 Duncan Keith Éric Desjardins 60 1 2 2
2 Jeff Woywitka Tomas Kloucek 40 1 2 2
Penalty Kill - 3 Players Forward
Forward Time % Phy DF OF
1 Robert Nilsson 60 1 2 2
2 Viktor Kozlov 40 1 2 2
Penalty Kill - 3 Players Defense
Defense Defense Time % Phy DF OF
1 Duncan Keith Éric Desjardins 60 1 2 2
2 Jeff Woywitka Tomas Kloucek 40 1 2 2
4 vs 4 Forward
Center Wing Time % Phy DF OF
1 Robert Nilsson Viktor Kozlov 60 1 2 2
2 Mike York Tyler Arnason 40 1 2 2
4 vs 4 Defense
Defense Defense Time % Phy DF OF
1 Duncan Keith Éric Desjardins 60 1 2 2
2 Jeff Woywitka Tomas Kloucek 40 1 2 2
Last Minutes Offensive
Center Left Wing Right Wing Defense Defense
Robert Nilsson Mike York Marek Svatos Duncan Keith Éric Desjardins
Last Minutes Defensive
Center Left Wing Right Wing Defense Defense
Robert Nilsson Mike York Marek Svatos Duncan Keith Éric Desjardins
Goaltenders
Starting : Kari Lehtonen
Backup : Mikael Tellqvist
Extra Forwards
Normal : Ryane Clowe, Ryan Bayda, Patrick Eaves - PP : Ryane Clowe, Ryan Bayda - PK : Patrick Eaves
Extra Defensemen
Normal : Shane O'Brien, Sheldon Souray, Jeff Woywitka - PP : Shane O'Brien - PK : Sheldon Souray, Jeff Woywitka
Penalty Shots
Robert Nilsson, Viktor Kozlov, Mike York, Tyler Arnason, Tomas Holmstrom
% Time on Ice - Rangers
Lines # - Real PCT - Wanted PCT - Time Play
Normal Forward
1 - 36% - 40% - 15:43
2 - 27% - 30% - 11:43
3 - 20% - 20% - 8:40
4 - 18% - 10% - 8:02
Normal Defense
1 - 40% - 40% - 17:33
2 - 32% - 30% - 13:55
3 - 22% - 20% - 9:45
4 - 7% - 10% - 2:55
PP Forward
1 - 54% - 60% - 2:08
2 - 46% - 40% - 1:50
PP Defense
1 - 56% - 60% - 2:13
2 - 44% - 40% - 1:45
PK Forward
1 - 72% - 60% - 7:07
2 - 28% - 40% - 2:48
PK Defense
1 - 52% - 60% - 5:12
2 - 48% - 40% - 4:43
PK3 Forward
1 - 0% - 60%
2 - 0% - 40%
PK3 Defense
1 - 0% - 60%
2 - 0% - 40%
44 Forward
1 - 100% - 60% - 1:59
2 - 0% - 40% - 0:00
44 Defense
1 - 76% - 60% - 1:30
2 - 24% - 40% - 0:29
Last Minute Offensive - 0:00
Last Minute Defensive - 0:00
Total
Forward - 60:00
Defense - 60:00
|
% Time on Ice - Canadiens
Lines # - Real PCT - Wanted PCT - Time Play
Normal Forward
1 - 30% - 40% - 13:26
2 - 28% - 30% - 12:21
3 - 21% - 20% - 9:03
4 - 21% - 10% - 9:18
Normal Defense
1 - 39% - 40% - 17:12
2 - 34% - 30% - 14:56
3 - 26% - 20% - 11:17
4 - 2% - 10% - 0:43
PP Forward
1 - 56% - 60% - 5:32
2 - 44% - 40% - 4:23
PP Defense
1 - 57% - 60% - 5:40
2 - 43% - 40% - 4:15
PK Forward
1 - 86% - 60% - 3:24
2 - 14% - 40% - 0:34
PK Defense
1 - 50% - 60% - 2:00
2 - 50% - 40% - 1:58
PK3 Forward
1 - 0% - 60%
2 - 0% - 40%
PK3 Defense
1 - 0% - 60%
2 - 0% - 40%
44 Forward
1 - 69% - 60% - 1:22
2 - 31% - 40% - 0:37
44 Defense
1 - 61% - 60% - 1:13
2 - 39% - 40% - 0:46
Last Minute Offensive - 0:00
Last Minute Defensive - 0:00
Total
Forward - 60:00
Defense - 60:00
|
Play by Play
1st period
0:01 of 1st period - Brad Richards wins face-off versus Robert Nilsson in neutral zone.
0:12 of 1st period - Slapshot by Brad Richards.
0:12 of 1st period - Shot Misses the Net.
0:46 of 1st period - Slapshot by Tomas Holmstrom.
0:46 of 1st period - Stopped by Henrik Lundqvist without a rebound.
0:47 of 1st period - Bobby Holik wins face-off versus Tyler Arnason in Rangers zone.
1:14 of 1st period - Icing by Ryan Bayda.
1:15 of 1st period - Martin Lapointe wins face-off versus Yan Stastny in Canadiens zone.
2:11 of 1st period - Wrist shot by Richard Zednik.
2:11 of 1st period - Deflect By Viktor Kozlov.
2:11 of 1st period - Stopped by Henrik Lundqvist with a rebound.
2:31 of 1st period - Off-side.
2:32 of 1st period - Brad Richards wins face-off versus Patrick Eaves in neutral zone.
2:45 of 1st period - Off-side.
2:46 of 1st period - Patrice Bergeron wins face-off versus Robert Nilsson in neutral zone.
3:05 of 1st period - Bryan Berard is hit by Mike York and loses puck.
3:53 of 1st period - Slapshot by Duncan Keith.
3:53 of 1st period - Stopped by Henrik Lundqvist without a rebound.
3:54 of 1st period - Bobby Holik wins face-off versus Robert Nilsson in Rangers zone.
4:03 of 1st period - Backhand shot by Alexandre Burrows.
4:03 of 1st period - Shot Misses the Net.
4:09 of 1st period - Bobby Holik is hit by Robert Nilsson and loses puck.
4:45 of 1st period - Slapshot by Jarkko Ruutu.
4:45 of 1st period - Stopped by Kari Lehtonen with a rebound.
4:47 of 1st period - Slapshot by Cam Barker.
4:47 of 1st period - Shot Misses the Net.
5:17 of 1st period - Slapshot by Viktor Kozlov.
5:17 of 1st period - Shot Misses the Net.
5:35 of 1st period - Wrist shot by Patrick Sharp.
5:35 of 1st period - Stopped by Kari Lehtonen with a rebound.
5:37 of 1st period - Snap shot by Johan Franzen.
5:37 of 1st period - Shot Misses the Net.
5:39 of 1st period - Wrist shot by Patrice Bergeron.
5:39 of 1st period - Deflect By Johan Franzen.
5:39 of 1st period - Stopped by Kari Lehtonen with a rebound.
5:57 of 1st period - Snap shot by Marek Svatos.
5:57 of 1st period - Shot Misses the Net.
5:59 of 1st period - Slapshot by Jeff Woywitka.
5:59 of 1st period - Shot Blocked by Bryan Berard.
6:01 of 1st period - Wrist shot by Robert Nilsson.
6:01 of 1st period - Stopped by Henrik Lundqvist with a rebound.
6:03 of 1st period - Snap shot by Marek Svatos.
6:03 of 1st period - Stopped by Henrik Lundqvist without a rebound.
6:04 of 1st period - Viktor Kozlov wins face-off versus Brad Richards in Rangers zone.
6:39 of 1st period - Wrist shot by Alexandre Burrows.
6:39 of 1st period - Stopped by Kari Lehtonen with a rebound.
6:51 of 1st period - Wrist shot by Viktor Kozlov.
6:51 of 1st period - Shot Blocked by Kyle McLaren.
7:17 of 1st period - Slapshot by Marek Svatos.
7:17 of 1st period - Shot Hit the Post.
7:19 of 1st period - Slapshot by Duncan Keith.
7:19 of 1st period - Stopped by Henrik Lundqvist without a rebound.
7:20 of 1st period - Brad Richards wins face-off versus Robert Nilsson in Rangers zone.
7:25 of 1st period - Snap shot by Jeremy Roenick.
7:25 of 1st period - Deflect By Milan Lucic.
7:25 of 1st period - Stopped by Kari Lehtonen without a rebound.
7:26 of 1st period - Robert Nilsson wins face-off versus Brad Richards in Canadiens zone.
7:37 of 1st period - Snap shot by Marek Svatos.
7:37 of 1st period - Stopped by Henrik Lundqvist with a rebound.
7:41 of 1st period - Snap shot by Mike York.
7:41 of 1st period - Stopped by Henrik Lundqvist with a rebound.
7:48 of 1st period - Icing by Bryan Berard.
7:49 of 1st period - Tyler Arnason wins face-off versus Patrice Bergeron in Rangers zone.
7:50 of 1st period - Wrist shot by Tomas Holmstrom.
7:50 of 1st period - Stopped by Henrik Lundqvist with a rebound.
7:56 of 1st period - Snap shot by Tyler Arnason.
7:56 of 1st period - Shot Misses the Net.
7:58 of 1st period - Snap shot by Tomas Kloucek.
7:58 of 1st period - Stopped by Henrik Lundqvist with a rebound.
8:00 of 1st period - Slapshot by Tomas Kloucek.
8:00 of 1st period - Deflect By Tyler Arnason.
8:00 of 1st period - Stopped by Henrik Lundqvist without a rebound.
8:01 of 1st period - Brad Richards wins face-off versus Robert Nilsson in Rangers zone.
8:46 of 1st period - Off-side.
8:47 of 1st period - Tyler Arnason wins face-off versus Bobby Holik in neutral zone.
9:12 of 1st period - Marek Svatos is hit by Milan Lucic and loses puck.
9:36 of 1st period - Jeff Woywitka is hit by Bryan Berard and loses puck.
9:59 of 1st period - Wrist shot by Yan Stastny.
9:59 of 1st period - Stopped by Henrik Lundqvist without a rebound.
9:59 of 1st period - Minor Penalty to Henrik Lundqvist for Slashing.
10:00 of 1st period - Bobby Holik wins face-off versus Marek Svatos in Rangers zone.
10:15 of 1st period - Wrist shot by Robert Nilsson.
10:15 of 1st period - Deflect By Mike York.
10:15 of 1st period - Stopped by Henrik Lundqvist with a rebound.
10:34 of 1st period - Off-side.
10:35 of 1st period - Brad Richards wins face-off versus Robert Nilsson in neutral zone.
10:47 of 1st period - Snap shot by Robert Nilsson.
10:47 of 1st period - Shot Misses the Net.
11:47 of 1st period - Kyle McLaren is hit by Tomas Kloucek and loses puck.
11:59 of 1st period - Penalty to Martin Lapointe is over, Martin Lapointe is back on ice.
12:04 of 1st period - Snap shot by Brad Richards.
12:04 of 1st period - Stopped by Kari Lehtonen without a rebound.
12:05 of 1st period - Patrice Bergeron wins face-off versus Yan Stastny in Canadiens zone.
12:12 of 1st period - Slapshot by Johan Franzen.
12:12 of 1st period - Stopped by Kari Lehtonen with a rebound.
12:14 of 1st period - Wrist shot by Johan Franzen.
12:14 of 1st period - Shot Misses the Net.
12:29 of 1st period - Off-side.
12:30 of 1st period - Tyler Arnason wins face-off versus Milan Lucic in neutral zone.
12:37 of 1st period - Snap shot by Tyler Arnason.
12:37 of 1st period - Goal by Tyler Arnason - Rangers : 0 - Canadiens : 1.
12:38 of 1st period - Robert Nilsson wins face-off versus Brad Richards in neutral zone.
13:15 of 1st period - Slapshot by Patrice Bergeron.
13:15 of 1st period - Stopped by Kari Lehtonen with a rebound.
13:25 of 1st period - Backhand shot by Éric Desjardins.
13:25 of 1st period - Deflect By Drew Stafford.
13:25 of 1st period - Stopped by Henrik Lundqvist with a rebound.
13:27 of 1st period - Slapshot by Duncan Keith.
13:27 of 1st period - Stopped by Henrik Lundqvist without a rebound.
13:28 of 1st period - Viktor Kozlov wins face-off versus Alexandre Burrows in Rangers zone.
13:31 of 1st period - Wrist shot by Ryane Clowe.
13:31 of 1st period - Stopped by Henrik Lundqvist with a rebound.
13:33 of 1st period - Snap shot by Richard Zednik.
13:33 of 1st period - Shot Misses the Net.
13:54 of 1st period - Minor Penalty to Brad Richards for Diving.
13:55 of 1st period - Robert Nilsson wins face-off versus Bobby Holik in Rangers zone.
14:10 of 1st period - Snap shot by Bobby Holik.
14:10 of 1st period - Deflect By Ian Laperriere.
14:10 of 1st period - Shot Blocked by Duncan Keith.
14:10 of 1st period - Puck is out of play.
14:11 of 1st period - Marek Svatos wins face-off versus Bobby Holik in Canadiens zone.
15:54 of 1st period - Penalty to Brad Richards is over, Brad Richards is back on ice.
17:15 of 1st period - Snap shot by Viktor Kozlov.
17:15 of 1st period - Stopped by Henrik Lundqvist with a rebound.
17:55 of 1st period - Bobby Holik is hit by Duncan Keith and loses puck.
18:13 of 1st period - Ian Laperriere is hit by Michel Ouellet.
18:19 of 1st period - Wrist shot by Martin Lapointe.
18:19 of 1st period - Deflect By Jarkko Ruutu.
18:19 of 1st period - Stopped by Kari Lehtonen with a rebound.
18:29 of 1st period - Martin Lapointe is hit by Mike York.
19:03 of 1st period - Slapshot by Mike York.
19:03 of 1st period - Shot Misses the Net.
19:05 of 1st period - Slapshot by Éric Desjardins.
19:05 of 1st period - Stopped by Henrik Lundqvist with a rebound.
19:15 of 1st period - Wrist shot by Robert Nilsson.
19:15 of 1st period - Shot Hit the Post.
19:17 of 1st period - Snap shot by Éric Desjardins.
19:17 of 1st period - Deflect By Mike York.
19:17 of 1st period - Shot Misses the Net.
19:17 of 1st period - Puck is out of play.
19:18 of 1st period - Ryane Clowe wins face-off versus Brad Richards in Rangers zone.
19:21 of 1st period - Wrist shot by Richard Zednik.
19:21 of 1st period - Shot Blocked by Jeremy Roenick.
19:43 of 1st period - Cam Barker is hit by Tomas Kloucek and loses puck.
19:50 of 1st period - Tomas Holmstrom is hit by Johan Franzen and loses puck.
2nd period
0:01 of 2nd period - Robert Nilsson wins face-off versus Brad Richards in neutral zone.
0:17 of 2nd period - Brad Richards is hit by Marek Svatos.
1:21 of 2nd period - Jeff Woywitka is hit by Jarkko Ruutu and loses puck.
1:32 of 2nd period - Kimmo Timonen is hit by Tomas Kloucek.
2:30 of 2nd period - Snap shot by Ryan Bayda.
2:30 of 2nd period - Shot Misses the Net.
2:32 of 2nd period - Snap shot by Yan Stastny.
2:32 of 2nd period - Shot Misses the Net.
2:34 of 2nd period - Snap shot by Yan Stastny.
2:34 of 2nd period - Shot Misses the Net.
2:36 of 2nd period - Wrist shot by Michel Ouellet.
2:36 of 2nd period - Goal by Michel Ouellet - Rangers : 0 - Canadiens : 2.
2:37 of 2nd period - Robert Nilsson wins face-off versus Brad Richards in neutral zone.
2:41 of 2nd period - Minor Penalty to Marek Svatos for Slashing.
2:41 of 2nd period - Minor Penalty to Brad Richards for Hooking.
2:42 of 2nd period - Robert Nilsson wins face-off versus Jeremy Roenick in Rangers zone.
2:45 of 2nd period - Wrist shot by Robert Nilsson.
2:45 of 2nd period - Deflect By Viktor Kozlov.
2:45 of 2nd period - Shot Blocked by Johan Franzen.
2:45 of 2nd period - Puck is out of play.
2:46 of 2nd period - Jeremy Roenick wins face-off versus Robert Nilsson in Rangers zone.
2:46 of 2nd period - Jeremy Roenick is hit by Robert Nilsson.
2:51 of 2nd period - Icing by Johan Franzen.
2:52 of 2nd period - Jeremy Roenick wins face-off versus Robert Nilsson in Rangers zone.
2:52 of 2nd period - Jeremy Roenick is hit by Viktor Kozlov.
3:06 of 2nd period - Snap shot by Robert Nilsson.
3:06 of 2nd period - Stopped by Henrik Lundqvist without a rebound.
3:07 of 2nd period - Robert Nilsson wins face-off versus Jeremy Roenick in Rangers zone.
3:21 of 2nd period - Snap shot by Robert Nilsson.
3:21 of 2nd period - Shot Misses the Net.
4:07 of 2nd period - Snap shot by Tyler Arnason.
4:07 of 2nd period - Shot Misses the Net.
4:09 of 2nd period - Slapshot by Tomas Kloucek.
4:09 of 2nd period - Stopped by Henrik Lundqvist with a rebound.
4:11 of 2nd period - Slapshot by Tyler Arnason.
4:11 of 2nd period - Stopped by Henrik Lundqvist without a rebound.
4:12 of 2nd period - Jeremy Roenick wins face-off versus Robert Nilsson in Rangers zone.
4:41 of 2nd period - Penalty to Marek Svatos is over, Marek Svatos is back on ice.
4:41 of 2nd period - Penalty to Brad Richards is over, Brad Richards is back on ice.
4:43 of 2nd period - Slapshot by Cam Barker.
4:43 of 2nd period - Shot Misses the Net.
5:23 of 2nd period - Slapshot by Marek Svatos.
5:23 of 2nd period - Shot Misses the Net.
5:25 of 2nd period - Slapshot by Tomas Kloucek.
5:25 of 2nd period - Shot Blocked by Bobby Holik.
5:27 of 2nd period - Slapshot by Tomas Kloucek.
5:27 of 2nd period - Stopped by Henrik Lundqvist without a rebound.
5:28 of 2nd period - Ian Laperriere wins face-off versus Viktor Kozlov in Rangers zone.
5:30 of 2nd period - Icing by Martin Lapointe.
5:31 of 2nd period - Viktor Kozlov wins face-off versus Ian Laperriere in Rangers zone.
6:16 of 2nd period - Wrist shot by Marek Svatos.
6:16 of 2nd period - Goal by Marek Svatos - Rangers : 0 - Canadiens : 3.
6:17 of 2nd period - Robert Nilsson wins face-off versus Brad Richards in neutral zone.
7:12 of 2nd period - Snap shot by Alexandre Burrows.
7:12 of 2nd period - Stopped by Kari Lehtonen with a rebound.
7:14 of 2nd period - Wrist shot by Bobby Holik.
7:14 of 2nd period - Shot Blocked by Tyler Arnason.
7:30 of 2nd period - Mike Commodore is hit by Ryan Bayda and loses puck.
7:43 of 2nd period - Tomas Kloucek is hit by Martin Lapointe and loses puck.
7:51 of 2nd period - Icing by Tomas Kloucek.
7:52 of 2nd period - Patrice Bergeron wins face-off versus Yan Stastny in Canadiens zone.
7:56 of 2nd period - Icing by Michel Ouellet.
7:57 of 2nd period - Yan Stastny wins face-off versus Brad Richards in Canadiens zone.
8:24 of 2nd period - Tomas Kloucek is hit by Milan Lucic and loses puck.
8:57 of 2nd period - Wrist shot by Brad Richards.
8:57 of 2nd period - Shot Misses the Net.
8:59 of 2nd period - Slapshot by Cam Barker.
8:59 of 2nd period - Deflect By Jeremy Roenick.
8:59 of 2nd period - Shot Blocked by Tomas Kloucek.
8:59 of 2nd period - Puck is out of play.
9:00 of 2nd period - Patrice Bergeron wins face-off versus Robert Nilsson in Canadiens zone.
9:01 of 2nd period - Wrist shot by Johan Franzen.
9:01 of 2nd period - Shot Misses the Net.
9:09 of 2nd period - Snap shot by Mike York.
9:09 of 2nd period - Stopped by Henrik Lundqvist without a rebound.
9:10 of 2nd period - Robert Nilsson wins face-off versus Patrice Bergeron in Rangers zone.
9:11 of 2nd period - Wrist shot by Marek Svatos.
9:11 of 2nd period - Stopped by Henrik Lundqvist without a rebound.
9:12 of 2nd period - Patrice Bergeron wins face-off versus Robert Nilsson in Rangers zone.
9:25 of 2nd period - Slapshot by Patrice Bergeron.
9:25 of 2nd period - Shot Misses the Net.
10:13 of 2nd period - Minor Penalty to Jarkko Ruutu for Interference.
10:14 of 2nd period - Robert Nilsson wins face-off versus Bobby Holik in Rangers zone.
10:27 of 2nd period - Wrist shot by Robert Nilsson.
10:27 of 2nd period - Shot Misses the Net.
10:29 of 2nd period - Snap shot by Marek Svatos.
10:29 of 2nd period - Shot Misses the Net.
12:00 of 2nd period - Icing by Tomas Kloucek.
12:01 of 2nd period - Robert Nilsson wins face-off versus Bobby Holik in Canadiens zone.
12:13 of 2nd period - Penalty to Jarkko Ruutu is over, Jarkko Ruutu is back on ice.
12:57 of 2nd period - Wrist shot by Ryane Clowe.
12:57 of 2nd period - Shot Hit the Post.
12:59 of 2nd period - Snap shot by Richard Zednik.
12:59 of 2nd period - Stopped by Henrik Lundqvist with a rebound.
13:01 of 2nd period - Wrist shot by Ryane Clowe.
13:01 of 2nd period - Stopped by Henrik Lundqvist with a rebound.
13:21 of 2nd period - Slapshot by Ryan Bayda.
13:21 of 2nd period - Shot Misses the Net.
13:39 of 2nd period - Snap shot by Martin Lapointe.
13:39 of 2nd period - Stopped by Kari Lehtonen without a rebound.
13:40 of 2nd period - Ian Laperriere wins face-off versus Tyler Arnason in Canadiens zone.
13:55 of 2nd period - Snap shot by Ian Laperriere.
13:55 of 2nd period - Stopped by Kari Lehtonen without a rebound.
13:56 of 2nd period - Robert Nilsson wins face-off versus Brad Richards in Canadiens zone.
14:03 of 2nd period - Snap shot by Mike York.
14:03 of 2nd period - Stopped by Henrik Lundqvist without a rebound.
14:04 of 2nd period - Milan Lucic wins face-off versus Robert Nilsson in Rangers zone.
14:09 of 2nd period - Slapshot by Cam Barker.
14:09 of 2nd period - Deflect By Mike York.
14:09 of 2nd period - Stopped by Kari Lehtonen without a rebound.
14:10 of 2nd period - Robert Nilsson wins face-off versus Milan Lucic in Canadiens zone.
14:10 of 2nd period - Robert Nilsson is hit by Milan Lucic.
14:20 of 2nd period - Slapshot by Éric Desjardins.
14:20 of 2nd period - Deflect By Brad Richards.
14:20 of 2nd period - Stopped by Henrik Lundqvist with a rebound.
14:32 of 2nd period - Minor Penalty to Kyle McLaren for Hooking.
14:33 of 2nd period - Bobby Holik wins face-off versus Robert Nilsson in Rangers zone.
15:49 of 2nd period - Brad Richards is hit by Duncan Keith and loses puck.
16:32 of 2nd period - Penalty to Kyle McLaren is over, Kyle McLaren is back on ice.
16:43 of 2nd period - Off-side.
16:44 of 2nd period - Yan Stastny wins face-off versus Patrice Bergeron in neutral zone.
17:10 of 2nd period - Tyler Arnason is hit by Milan Lucic and loses puck.
17:23 of 2nd period - Tomas Kloucek is hit by Milan Lucic and loses puck.
17:38 of 2nd period - Drew Stafford is hit by Viktor Kozlov and loses puck.
17:47 of 2nd period - Richard Zednik is hit by Bobby Holik and loses puck.
18:38 of 2nd period - Milan Lucic is hit by Tomas Holmstrom and loses puck.
3rd period
0:01 of 3rd period - Brad Richards wins face-off versus Robert Nilsson in neutral zone.
0:09 of 3rd period - Icing by Marek Svatos.
0:10 of 3rd period - Robert Nilsson wins face-off versus Brad Richards in Canadiens zone.
0:10 of 3rd period - Mike York is hit by Kimmo Timonen and loses puck.
0:19 of 3rd period - Snap shot by Milan Lucic.
0:19 of 3rd period - Stopped by Kari Lehtonen with a rebound.
0:21 of 3rd period - Slapshot by Kimmo Timonen.
0:21 of 3rd period - Stopped by Kari Lehtonen without a rebound.
0:22 of 3rd period - Robert Nilsson wins face-off versus Brad Richards in Canadiens zone.
0:35 of 3rd period - Snap shot by Robert Nilsson.
0:35 of 3rd period - Deflect By Mike York.
0:35 of 3rd period - Stopped by Henrik Lundqvist with a rebound.
0:37 of 3rd period - Wrist shot by Marek Svatos.
0:37 of 3rd period - Shot Misses the Net.
0:47 of 3rd period - Ryane Clowe is hit by Johan Franzen and loses puck.
1:32 of 3rd period - Wrist shot by Martin Lapointe.
1:32 of 3rd period - Shot Misses the Net.
1:34 of 3rd period - Slapshot by Kyle McLaren.
1:34 of 3rd period - Stopped by Kari Lehtonen without a rebound.
1:35 of 3rd period - Ryane Clowe wins face-off versus Brad Richards in Canadiens zone.
1:42 of 3rd period - Wrist shot by Brad Richards.
1:42 of 3rd period - Shot Misses the Net.
2:08 of 3rd period - Snap shot by Patrice Bergeron.
2:08 of 3rd period - Stopped by Kari Lehtonen with a rebound.
2:10 of 3rd period - Wrist shot by Patrick Sharp.
2:10 of 3rd period - Stopped by Kari Lehtonen with a rebound.
2:12 of 3rd period - Wrist shot by Patrice Bergeron.
2:12 of 3rd period - Goal by Patrice Bergeron - Rangers : 1 - Canadiens : 3.
2:13 of 3rd period - Marek Svatos wins face-off versus Brad Richards in neutral zone.
2:28 of 3rd period - Jeremy Roenick is hit by Duncan Keith and loses puck.
3:07 of 3rd period - Wrist shot by Tomas Holmstrom.
3:07 of 3rd period - Stopped by Henrik Lundqvist without a rebound.
3:08 of 3rd period - Robert Nilsson wins face-off versus Bobby Holik in Rangers zone.
3:09 of 3rd period - Wrist shot by Marek Svatos.
3:09 of 3rd period - Shot Misses the Net.
3:11 of 3rd period - Snap shot by Mike York.
3:11 of 3rd period - Shot Misses the Net.
3:21 of 3rd period - Wrist shot by Robert Nilsson.
3:21 of 3rd period - Shot Misses the Net.
3:33 of 3rd period - Cam Barker is hit by Richard Zednik and loses puck.
3:38 of 3rd period - Snap shot by Richard Zednik.
3:38 of 3rd period - Stopped by Henrik Lundqvist without a rebound.
3:39 of 3rd period - Robert Nilsson wins face-off versus Brad Richards in Rangers zone.
3:40 of 3rd period - Slapshot by Mike York.
3:40 of 3rd period - Goal by Mike York - Rangers : 1 - Canadiens : 4.
3:41 of 3rd period - Brad Richards wins face-off versus Robert Nilsson in neutral zone.
4:06 of 3rd period - Kimmo Timonen is hit by Viktor Kozlov and loses puck.
4:11 of 3rd period - Snap shot by Ryane Clowe.
4:11 of 3rd period - Stopped by Henrik Lundqvist with a rebound.
4:31 of 3rd period - Drew Stafford is hit by Tomas Holmstrom and loses puck.
4:57 of 3rd period - Minor Penalty to Tomas Kloucek for Hooking.
4:58 of 3rd period - Brad Richards wins face-off versus Viktor Kozlov in Canadiens zone.
6:57 of 3rd period - Penalty to Tomas Kloucek is over, Tomas Kloucek is back on ice.
6:57 of 3rd period - Jeff Woywitka is hit by Alexandre Burrows and loses puck.
7:22 of 3rd period - Sheldon Souray is hit by Ian Laperriere and loses puck.
8:00 of 3rd period - Ian Laperriere is hit by Éric Desjardins and loses puck.
8:11 of 3rd period - Martin Lapointe is hit by Richard Zednik and loses puck.
8:26 of 3rd period - Slapshot by Patrice Bergeron.
8:26 of 3rd period - Shot Blocked by Shane O'Brien.
8:28 of 3rd period - Wrist shot by Patrick Sharp.
8:28 of 3rd period - Shot Misses the Net.
8:45 of 3rd period - Slapshot by Alexandre Burrows.
8:45 of 3rd period - Shot Misses the Net.
8:47 of 3rd period - Slapshot by Bryan Berard.
8:47 of 3rd period - Stopped by Kari Lehtonen without a rebound.
8:48 of 3rd period - Tyler Arnason wins face-off versus Brad Richards in Canadiens zone.
8:53 of 3rd period - Bryan Berard is hit by Sheldon Souray and loses puck.
9:02 of 3rd period - Tyler Arnason is hit by Milan Lucic and loses puck.
9:13 of 3rd period - Brad Richards is hit by Tomas Holmstrom and loses puck.
9:24 of 3rd period - Snap shot by Patrick Eaves.
9:24 of 3rd period - Stopped by Henrik Lundqvist without a rebound.
9:25 of 3rd period - Patrice Bergeron wins face-off versus Robert Nilsson in Rangers zone.
10:28 of 3rd period - Snap shot by Johan Franzen.
10:28 of 3rd period - Goal by Johan Franzen - Rangers : 2 - Canadiens : 4.
10:29 of 3rd period - Brad Richards wins face-off versus Robert Nilsson in neutral zone.
10:42 of 3rd period - Snap shot by Milan Lucic.
10:42 of 3rd period - Deflect By Brad Richards.
10:42 of 3rd period - Stopped by Kari Lehtonen with a rebound.
10:54 of 3rd period - Patrick Sharp is hit by Tomas Kloucek and loses puck.
10:59 of 3rd period - Wrist shot by Tomas Holmstrom.
10:59 of 3rd period - Stopped by Henrik Lundqvist without a rebound.
11:00 of 3rd period - Viktor Kozlov wins face-off versus Patrick Sharp in Rangers zone.
11:03 of 3rd period - Snap shot by Richard Zednik.
11:03 of 3rd period - Shot Blocked by Cam Barker.
11:05 of 3rd period - Wrist shot by Shane O'Brien.
11:05 of 3rd period - Stopped by Henrik Lundqvist without a rebound.
11:06 of 3rd period - Ryane Clowe wins face-off versus Patrice Bergeron in Rangers zone.
11:17 of 3rd period - Wrist shot by Richard Zednik.
11:17 of 3rd period - Shot Misses the Net.
11:19 of 3rd period - Slapshot by Shane O'Brien.
11:19 of 3rd period - Stopped by Henrik Lundqvist with a rebound.
11:21 of 3rd period - Wrist shot by Viktor Kozlov.
11:21 of 3rd period - Shot Misses the Net.
12:21 of 3rd period - Slapshot by Johan Franzen.
12:21 of 3rd period - Deflect By Shane O'Brien.
12:21 of 3rd period - Shot Misses the Net.
12:21 of 3rd period - Puck is out of play.
12:22 of 3rd period - Mike York wins face-off versus Brad Richards in Canadiens zone.
12:27 of 3rd period - Snap shot by Milan Lucic.
12:27 of 3rd period - Stopped by Kari Lehtonen without a rebound.
12:28 of 3rd period - Brad Richards wins face-off versus Robert Nilsson in Canadiens zone.
12:29 of 3rd period - Snap shot by Milan Lucic.
12:29 of 3rd period - Shot Misses the Net.
12:31 of 3rd period - Slapshot by Milan Lucic.
12:31 of 3rd period - Stopped by Kari Lehtonen with a rebound.
12:35 of 3rd period - Snap shot by Jeremy Roenick.
12:35 of 3rd period - Shot Blocked by Duncan Keith.
12:43 of 3rd period - Snap shot by Brad Richards.
12:43 of 3rd period - Stopped by Kari Lehtonen with a rebound.
12:52 of 3rd period - Off-side.
12:53 of 3rd period - Patrice Bergeron wins face-off versus Viktor Kozlov in neutral zone.
13:18 of 3rd period - Mike York is hit by Bryan Berard and loses puck.
14:25 of 3rd period - Snap shot by Martin Lapointe.
14:25 of 3rd period - Shot Blocked by Viktor Kozlov.
14:27 of 3rd period - Slapshot by Kimmo Timonen.
14:27 of 3rd period - Stopped by Kari Lehtonen without a rebound.
14:28 of 3rd period - Brad Richards wins face-off versus Viktor Kozlov in Canadiens zone.
14:40 of 3rd period - Minor Penalty to Ryane Clowe for Holding.
14:41 of 3rd period - Brad Richards wins face-off versus Robert Nilsson in Canadiens zone.
16:32 of 3rd period - Kimmo Timonen is hit by Robert Nilsson and loses puck.
16:40 of 3rd period - Penalty to Ryane Clowe is over, Ryane Clowe is back on ice.
16:49 of 3rd period - Drew Stafford is hit by Richard Zednik and loses puck.
17:11 of 3rd period - Icing by Viktor Kozlov.
17:12 of 3rd period - Ian Laperriere wins face-off versus Viktor Kozlov in Canadiens zone.
17:13 of 3rd period - Wrist shot by Jarkko Ruutu.
17:13 of 3rd period - Shot Misses the Net.
17:32 of 3rd period - Minor Penalty to Drew Stafford for Hooking.
17:33 of 3rd period - Robert Nilsson wins face-off versus Bobby Holik in Rangers zone.
18:06 of 3rd period - Bryan Berard is hit by Tomas Holmstrom and loses puck.
19:32 of 3rd period - Penalty to Drew Stafford is over, Drew Stafford is back on ice.
Output by the SimonT Hockey Simulator (STHS) for François Prévost -- Original Page W3C XHTML 1.0 Valid